 Dungeon Crawl Stone Soup version 0.27.1-1-g398f81649c (webtiles) character file.

Game seed: 14070730676325741311

583 raph the Grave Robber (level 7, -2/51 HPs)
             Began as a Human Necromancer on Sept 17, 2021.
             Slain by a sky beast (5 damage)
             ... on level 5 of the Dungeon.
             The game lasted 00:08:09 (5262 turns).

raph the Grave Robber (Human Necromancer)           Turns: 5262, Time: 00:08:10

Health: -2/51      AC:  2    Str: 14    XL:     7   Next: 64%
Magic:  2/11       EV: 13    Int: 21    God:
Gold:   69         SH:  6    Dex: 16    Spells: 6/11 levels left

rFire    . . .     SeeInvis .   a - +0 hand axe (venom)
rCold    . . .     Faith    .   n - +1 buckler
rNeg     . . .     Spirit   .   c - +0 robe
rPois    .         Reflect  .   (no helmet)
rElec    .         Harm     .   (no cloak)
rCorr    .         Rampage  .   (no gloves)
Will     .....                  (no boots)
Stlth    ++........             (no amulet)
HPRegen  0.17/turn              g - +6 ring of intelligence
MPRegen  0.12/turn              d - +6 ring of strength

@: no status effects
A: no striking features
a: no special abilities


You were on level 5 of the Dungeon.
You visited 1 branch of the dungeon, and saw 5 of its levels.

You collected 245 gold pieces.
You spent 176 gold pieces at shops.

Inventory:

Hand Weapons
 a - a +0 hand axe of venom (weapon)
 b - a +0 mace
Missiles
 h - 2 throwing nets
Armour
 c - a +0 robe (worn)
 n - a +1 buckler (worn)
Jewellery
 d - a +6 ring of strength (right hand)
 g - a +6 ring of intelligence (left hand)
 o - an amulet of magic regeneration
 s - an amulet of faith
 t - a ring of see invisible
Wands
 k - a wand of iceblast (12)
Scrolls
 e - a scroll of magic mapping
 q - a scroll of fear
Potions
 f - a potion of invisibility
 i - a potion of haste {unknown}
 j - a potion of degeneration {unknown}
 l - 2 potions of cancellation
 m - a potion of resistance
 p - a potion of attraction
 r - a potion of lignification {unknown}


   Skills:
 + Level 2.4 Fighting
 - Level 2.8 Dodging
 - Level 2.9 Stealth
 * Level 3.5 Shields
 - Level 2.6 Spellcasting
 * Level 6.3 Necromancy


You had 6 spell levels left.
You knew the following spells:

 Your Spells              Type           Power      Damage    Failure   Level
a - Pain                  Necr           100%       1d9       1%          1
b - Animate Skeleton      Necr           58%        N/A       1%          1
c - Vampiric Draining     Necr           14%        2d8       3%          3

Your spell library contained the following spells:

 Spells                   Type           Power      Damage    Failure   Level
 Animate Dead             Necr           14%        N/A       11%         4
 Agony                    Necr           29%        N/A       30%         5
 Gell's Gravitas          Tloc           1%         N/A       38%         3
 Teleport Other           Tloc           2%         N/A       38%         3
 Dispersal                Tloc           1%         N/A       100%        6


Dungeon Overview and Level Annotations

Branches:
Dungeon (5/15)
 Temple: D:4-7

Altars:
Wu Jian

Shops:
D:4 *

Annotations:
D:5 Menkaure


Message History

Unknown command.
Casting: Vampiric Draining (dangerous; 3% risk of failure)
Confirm with . or Enter, or press ? or * to list all spells.
You attempt to give life to the dead...
Before your eyes, flesh is ripped from the corpse!
The dead are walking!
Casting: Animate Skeleton (safe; 1% risk of failure)
Confirm with . or Enter, or press ? or * to list all spells.
Aiming: Vampiric Draining (dangerous; 3% risk of failure)
Press: ? - help, Shift-Dir - straight line, f - orc warrior
Aim: an orc warrior, wielding a +0 mace and wearing a +1 chain mail of fire resistance (heavily wounded, very poisoned)
You draw life force from the orc warrior!
You feel life coursing into your body.
The white imp disappears for a moment.
The orc warrior hits you with a +0 mace.
Casting: Vampiric Draining (dangerous; 3% risk of failure)
Confirm with . or Enter, or press ? or * to list all spells.
Aiming: Vampiric Draining (dangerous; 3% risk of failure)
Press: ? - help, Shift-Dir - straight line, f/p - orc warrior
Aim: an orc warrior, wielding a +0 mace and wearing a +1 chain mail of fire resistance (severely wounded, very poisoned)
You draw life force from the orc warrior!
You kill the orc warrior!
You feel life coursing into your body. Something hits you.
Something shocks you. The white imp spits at you.
The white imp gestures at you.
The puff of frost hits something!
You closely miss something. Something hits you. Something shocks you.
* * * LOW HITPOINT WARNING * * *
Casting: Vampiric Draining (dangerous; 3% risk of failure)
Confirm with . or Enter, or press ? or * to list all spells.
You don't have enough magic to cast this spell.
You barely miss something. Something hits you.
* * * LOW HITPOINT WARNING * * *
Something shocks you.
* * * LOW HITPOINT WARNING * * *
Something hits you.
* * * LOW HITPOINT WARNING * * *
Something shocks you.
You die...

#..Z..# ###)..#
#o#.# #5#.# #.#.#
########.#..
#..5o.o..###
###{###### #@# #.#
#.# #.#
######+#### #.#
#.......... #.#
#..........
###.####..........
#....<..##......#
##).#.####.(....#
#M


You could see an orc priest and a white imp.

Vanquished Creatures
  An orc warrior (D:5)
  An ogre (D:4)
  2 scorpions
  A centaur skeleton (D:4)
  An orc priest (D:5)
  An iguana (D:4)
  Ijyb (D:4)
  An orc wizard (D:5)
  3 adders (D:2)
  4 gnolls (D:2)
  An adder skeleton (D:4)
  A worm (D:2)
  3 dart slugs
  5 orcs
  5 bats
  4 endoplasms
  2 giant cockroaches (D:3)
  6 goblins
  4 hobgoblins
  4 jackals
  3 kobolds
  6 quokkas
  8 ball pythons
  6 frilled lizards
  7 rats
81 creatures vanquished.

Vanquished Creatures (collateral kills)
  A worm (D:4)
  2 ball pythons (D:1)
  A rat (D:1)
4 creatures vanquished.

Grand Total: 85 creatures vanquished

Notes
Turn   | Place    | Note
-------+----------+-------------------------------------------
     0 | D:1      | raph the Human Necromancer began the quest for the Orb.
     0 | D:1      | Reached XP level 1. HP: 13/13 MP: 3/3
   304 | D:1      | Reached XP level 2. HP: 8/19 MP: 0/5
   490 | D:1      | Learned a level 1 spell: Animate Skeleton
  1170 | D:1      | Reached XP level 3. HP: 20/24 MP: 1/6
  1519 | D:2      | Learned a level 3 spell: Vampiric Draining
  1577 | D:2      | Reached XP level 4. HP: 26/30 MP: 2/7
  2386 | D:2      | Reached XP level 5. HP: 33/35 MP: 4/8
  2519 | D:2      | Found a faded altar of an unknown god.
  2980 | D:3      | Reached skill level 5 in Necromancy
  3167 | D:3      | Found an ornate altar of the Wu Jian Council.
  4105 | D:4      | Noticed Ijyb
  4119 | D:4      | Killed Ijyb
  4120 | D:4      | Reached skill level 1 in Shields
  4124 | D:4      | Reached skill level 1 in Fighting
  4124 | D:4      | Reached XP level 6. HP: 43/43 MP: 10/10
  4616 | D:4      | Noticed an ogre
  4623 | D:4      | Killed an ogre
  4624 | D:4      | Reached XP level 7. HP: 45/49 MP: 5/11
  4655 | D:4      | Identified the +1 mace of the Thieving Sybil {vorpal, rPois
                  | rN++ Will-}
  4753 | D:4      | Found Mughoyt's Assorted Antiques.
  4756 | D:4      | Bought a blackened fluorescent amulet for 110 gold pieces
  4756 | D:4      | Bought a scroll labelled RASMUGO ZOOS for 22 gold pieces
  4756 | D:4      | Bought a scroll of identify for 44 gold pieces
  4990 | D:5      | Entered Level 5 of the Dungeon
  5002 | D:5      | Noticed Menkaure
  5023 | D:5      | Reached skill level 6 in Necromancy
  5262 | D:5      | Slain by a sky beast

Illustrated notes

Levels and vault maps discovered:
D:1:      dpeg_arrival_three_same_balls, layout_basic
D:2:      layout_loops_ring, hellmonk_ecumenical_altar_crossroads, minivault_14,
          glass_columns_a
D:3:      layout_basic, amcnicky_altar_gilded
D:4:      layout_rooms, serial_shops, nicolae_shop_window_shopping, uniq_ijyb
D:5:      layout_basic, roderic_batcave, uniq_eustachio, uniq_edmund,
          uniq_menkaure

Skill      XL: |  1  2  3  4  5  6  7 |
---------------+----------------------+-----
Necromancy     | 5 6 |  6.3
Shields        | 1 2 3 |  3.5
Fighting       | 1 2 |  2.4
Dodging        | |  2.8
Stealth        | |  2.9
Spellcasting   | |  2.6

Action                   |  1- 3 |  4- 6 |  7- 9 || total
-------------------------+-------+-------+-------++-------
Melee: Hand axe          |    16 |   108 |    13 ||   137
 Cast: Pain              |    24 |    42 |     4 ||    70
       Animate Skeleton  |     6 |     3 |     1 ||    10
       Vampiric Draining |       |     7 |     5 ||    12
  Use: Scroll            |       |    10 |     3 ||    13
 Stab: Sleeping          |     1 |     3 |     1 ||     5
Armor: Robe              |     8 |    24 |     2 ||    34
       Skin              |       |    43 |       ||    43
Dodge: Dodged            |    22 |    75 |    10 ||   107
Block: Buckler           |       |    28 |     5 ||    33
